 Dungeon Crawl Stone Soup version 0.29-a0-615-gdeedd76f10 (webtiles) character file.

Game seed: 12726772590234057469

4781 Bruhh the Grappler (level 10, -12/85 HPs)
             Began as a Troll Gladiator on June 17, 2022.
             Was a Believer of Uskayaw.
             Mangled by Erica
             ... wielding a +3 scimitar of flaming
              (14 damage)
             ... on level 8 of the Dungeon.
             The game lasted 00:12:32 (7644 turns).

Bruhh the Grappler (Troll Gladiator)                Turns: 7644, Time: 00:12:32

Health: -12/85     AC:  4    Str: 28    XL:     10   Next: 23%
Magic:  14/14      EV:  8    Int:  4    God:    Uskayaw [**....]
Gold:   463        SH:  6    Dex: 11    Spells: 9/9 levels left

rFire   . . .      SeeInvis .     - Unarmed
rCold   . . .      Faith    .   q - +0 kite shield
rNeg    . . .      Spirit   .   a - +0 robe
rPois   .          Reflect  .   b - +0 hat
rElec   .          Harm     .   (no cloak)
rCorr   +          Rampage  .   (gloves unavailable)
Will    .....                   (boots unavailable)
Stlth   +.........              (no amulet)
HPRegen 1.04/turn               B - ring of resist corrosion
MPRegen 0.14/turn               (no ring)

@: no status effects
A: large, unfitting armour, claws 3, regeneration 1, shaggy fur 1, tough skin 1
a: Renounce Religion, Stomp, Line Pass


You were on level 8 of the Dungeon.
You worshipped Uskayaw.
Uskayaw was noncommittal.
You visited 2 branches of the dungeon, and saw 9 of its levels.

You collected 463 gold pieces.

Inventory:

Missiles
 c - 3 throwing nets
 d - a large rock
 A - 2 boomerangs (quivered)
 E - 6 silver javelins
Armour
 a - a +0 robe (worn)
 b - a +0 hat (worn)
 q - a +0 kite shield (worn)
Jewellery
 r - a ring of magical power
 y - an amulet of magic regeneration
 B - a ring of resist corrosion (left claw)
Wands
 w - a wand of iceblast (8)
 G - a wand of quicksilver (8)
Scrolls
 e - 2 scrolls of immolation
 f - 2 scrolls of vulnerability
 g - a scroll of amnesia
 h - 3 scrolls of summoning
 i - 5 scrolls of identify
 j - 3 scrolls of enchant weapon
 m - a scroll of teleportation
 o - a scroll of noise {unknown}
 s - a scroll of enchant armour {unknown}
 v - 2 scrolls of poison
Potions
 k - a potion of brilliance {unknown}
 l - a potion of cancellation
 n - 2 potions of heal wounds {unknown}
 p - 2 potions of magic {unknown}
 t - a potion of haste {unknown}
 u - 3 potions of might
 x - a potion of ambrosia
 z - a potion of berserk rage {unknown}
 C - a potion of lignification {unknown}
 D - a potion of degeneration {unknown}
 F - a potion of flight {unknown}


   Skills:
 - Level 1.5 Fighting
 + Level 7.9 Throwing
 - Level 2.4 Dodging
 - Level 10.0 Unarmed Combat
 + Level 7.5 Invocations


You had 9 spell levels left.
You didn't know any spells.
Your spell library contained the following spells:

 Spells                   Type           Power      Damage    Failure   Level
 Ensorcelled Hibernation  Hex/Ice        0%         N/A       93%         2
 Spider Form              Tmut/Pois      0%         N/A       99%         3
 Anguish                  Hex/Necr       0%         N/A       100%        4


Dungeon Overview and Level Annotations

Branches:
Dungeon (8/15)             Temple (1/1) D:5            Lair (0/6) D:8

Altars:
Ashenzari
Cheibriados
Dithmenos
Elyvilon
Fedhas
Gozag
Hepliaklqana
Makhleb
Okawaru
Qazlal
Ru
Sif Muna
Uskayaw
Vehumet
Wu Jian
Xom
Zin
The Shining One

Shops:
D:1 ?(   D:3 [   D:4 (   D:6 =

Annotations:
D:3 1 transporter, Malachi's ghost, amateur DsFi
D:8 Erica


Innate Abilities, Weirdness & Mutations

You are too large for most types of armour.
You have claws for hands.
Your natural rate of healing is unusually fast.
You are covered in fur. (AC +1)
You have tough skin. (AC +1)


Message History

Key pressed, stopping explore.
G - a wand of quicksilver (8)
Things that are here:
a +0 halberd of venom; a +0 animal skin
Found 20 stones.
There is an open door here.
Erica the Fiery-Tempered comes into view.
She is wielding a +3 scimitar of flaming.
Erica shouts!
You hear a shout!
You hear a loud, deep croak!
Erica gestures wildly while chanting.
Erica flickers and vanishes!
Deactivating autopickup; reactivate with Ctrl-A.
There is a strange disturbance nearby!
There is a strange disturbance nearby!
There is a strange disturbance nearby!
There is a strange disturbance nearby!
There is a strange disturbance nearby!
No target in view!
There is an open door here.
You scratch something but do no damage. Something hits you!
Something burns you.
You closely miss something. Something hits you! Something burns you.
You claw something! Something completely misses you.
You barely miss something. Something hits you. Something burns you.
You claw something! Something hits you! Something burns you.
You miss something. Something hits you! Something burns you.
You barely miss something. Something hits you!
* * * LOW HITPOINT WARNING * * *
Something burns you!
* * * LOW HITPOINT WARNING * * *
You closely miss something. Something hits you.
* * * LOW HITPOINT WARNING * * *
Something burns you.
* * * LOW HITPOINT WARNING * * *
You claw something! Something hits you.
* * * LOW HITPOINT WARNING * * *
Something burns you.
* * * LOW HITPOINT WARNING * * *
You can now pass through a line of other dancers.
You claw something! Something hits you!
You die...

###†####... #..)...#...
#......#### .########
#########......#
........#
#..............#
........#
#...........####
........# #.(.........#
........####...........#
...........'.@.........#
############..........##
#..........#
#..........#
#..........#
#..........#
############


There were no monsters in sight!

Vanquished Creatures
  Joseph (D:7)
  Maggie (D:7)
  Sigmund (D:3)
  3 wyverns (D:8)
  Eustachio (D:6)
  Grum (D:8)
  Edmund (D:6)
  4 water moccasins
  An orc warrior (D:6)
  2 sky beasts (D:7)
  3 black bears
  3 ogres
  2 centaurs (D:5)
  4 wolves (D:8)
  2 phantoms
  3 bullfrogs
  3 scorpions
  2 necrophages
  3 jellies
  Crazy Yiuf (D:6)
  3 hounds
  2 gnoll shamans (D:7)
  7 iguanas
  4 orc wizards
  5 adders
  13 gnolls
  3 shadow imps
  An ufetubus (D:6)
  A worm (D:3)
  2 dart slugs
  18 orcs
  An endoplasm (D:1)
  2 giant cockroaches
  5 goblins
  7 hobgoblins
  14 jackals
  3 quokkas
  7 ball pythons
  7 bats
  3 frilled lizards
  7 kobolds
  3 rats
160 creatures vanquished.

Vanquished Creatures (others)
  2 fungi (D:8)
  26 plants (D:8)
28 creatures vanquished.

Grand Total: 188 creatures vanquished

Notes
Turn   | Place    | Note
-------+----------+-------------------------------------------
     0 | D:1      | Bruhh the Troll Gladiator began the quest for the Orb.
     0 | D:1      | Reached XP level 1. HP: 19/19 MP: 0/0
   208 | D:1      | Reached XP level 2. HP: 26/27 MP: 1/1
   247 | D:1      | Found a faded altar of an unknown god.
   372 | D:1      | Reached skill level 4 in Unarmed Combat
   398 | D:1      | Found Biacluemmy's Magic Scroll Emporium.
   476 | D:1      | Found Weaqi's Weapon Boutique.
   484 | D:1      | Reached XP level 3. HP: 30/33 MP: 2/2
  1313 | D:2      | Reached skill level 5 in Unarmed Combat
  1313 | D:2      | Reached XP level 4. HP: 36/41 MP: 3/3
  1583 | D:2      | Found an ornate altar of the Wu Jian Council.
  1745 | D:2      | Reached XP level 5. HP: 30/48 MP: 4/4
  2461 | D:3      | Noticed Sigmund
  2475 | D:3      | Reached skill level 6 in Unarmed Combat
  2484 | D:3      | Killed Sigmund
  2485 | D:3      | Reached skill level 7 in Unarmed Combat
  2485 | D:3      | Reached XP level 6. HP: 23/55 MP: 5/5
  2543 | D:3      | Found a broken altar of Ashenzari.
  2552 | D:3      | Found a shadowy altar of Dithmenos.
  2694 | D:3      | Found a transporter.
  2695 | D:3      | Noticed Malachi's ghost (amateur DsFi)
  2695 | D:3      | Identified the +6 giant club of Moral Flaws {elec, rF+
                  | Str+4 SInv}
  2758 | D:3      | Found Ponon's Antique Armour Shoppe.
  3266 | D:4      | Reached skill level 8 in Unarmed Combat
  3307 | D:4      | Reached XP level 7. HP: 62/62 MP: 6/6
  3413 | D:4      | Found Ziggoejy's Antique Weapon Shop.
  3754 | D:5      | Entered Level 5 of the Dungeon
  3787 | D:5      | Reached skill level 9 in Unarmed Combat
  3846 | D:5      | Found a staircase to the Ecumenical Temple.
  3860 | Temple   | Entered the Ecumenical Temple
  3952 | Temple   | Became a worshipper of Uskayaw the Reveller
  4017 | D:5      | Reached * piety under Uskayaw
  4018 | D:5      | Reached ** piety under Uskayaw
  4020 | D:5      | Reached XP level 8. HP: 42/70 MP: 7/7
  4059 | D:5      | Reached skill level 10 in Unarmed Combat
  4074 | D:5      | Reached *** piety under Uskayaw
  4295 | D:5      | Reached skill level 1 in Invocations
  4447 | D:6      | Found Boylioni's Jewellery Shoppe.
  4549 | D:6      | Noticed Eustachio
  4568 | D:6      | Killed Eustachio
  4595 | D:6      | Noticed Edmund
  4603 | D:6      | Killed Edmund
  4883 | D:6      | Found a runed translucent door.
  4884 | D:6      | Noticed Crazy Yiuf
  5127 | D:6      | Reached XP level 9. HP: 76/76 MP: 11/11
  5292 | D:6      | Killed Crazy Yiuf
  5357 | D:7      | Found a shimmering blue altar of Sif Muna.
  5487 | D:7      | Reached skill level 5 in Throwing
  5633 | D:7      | Reached skill level 5 in Invocations
  5919 | D:7      | Noticed Joseph
  5929 | D:7      | Killed Joseph
  6091 | D:7      | Found a radiant altar of Vehumet.
  6157 | D:7      | Found the +10 dark maul {vorpal}
  6328 | D:7      | Noticed Maggie
  6336 | D:7      | Killed Maggie
  6904 | D:8      | Noticed Grum
  7122 | D:8      | HP: 3/76 [poisoned by an orc]
  7124 | D:8      | HP: 1/76 [poisoned by an orc]
  7129 | D:8      | HP: 1/76 [poisoned by an orc]
  7323 | D:8      | Reached **** piety under Uskayaw
  7324 | D:8      | Reached XP level 10. HP: 33/85 MP: 14/14
  7326 | D:8      | Reached ***** piety under Uskayaw
  7393 | D:8      | Found a staircase to the Lair.
  7562 | D:8      | Killed Grum
  7622 | D:8      | Noticed Erica
  7643 | D:8      | HP: 3/85 [something (4)]
  7643 | D:8      | HP: 1/85 [something (2)]
  7644 | D:8      | Mangled by Erica

Illustrated notes

Levels and vault maps discovered:
D:1:      eino_arrival_druids_welcome, layout_loops_ring,
          hellmonk_ecumenical_altar_crossroads, serial_shops, shop_statue, shop,
          st_stairs_4
D:2:      layout_basic, basic_altar
D:3:      layout_basic, lemuel_doored_altar, amcnicky_altar_gilded,
          serial_shops, shop, gammafunk_ghost_smash, uniq_sigmund
D:4:      layout_cave_pods, serial_shops, shop
D:5:      layout_basic, minmay_temple_entry_overgrown
D:6:      layout_loops_ring, serial_shops, shop, uniq_crazy_yiuf_cottage,
          uniq_edmund, uniq_eustachio
D:7:      layout_layer_cave, vehumet_crystals, nicolae_sif_muna_condensation,
          grunt_tough_drop, uniq_joseph, uniq_maggie
D:8:      layout_basic, mainiacjoe_overflow_24_doors, minmay_lair_entry_grove,
          uniq_erica, uniq_grum
Temple:   nicolae_temple_great_sept

Skill      XL: |  1  2  3  4  5  6  7  8  9 10 |
---------------+-------------------------------+-----
Unarmed Combat | 4 5 7 8 9 10 | 10.0
Throwing       | 4 7 |  7.9
Invocations    | 4 6 7 |  7.5
Fighting       | |  1.5
Dodging        | |  2.4

Action                   |  1- 3 |  4- 6 |  7- 9 | 10-12 || total
-------------------------+-------+-------+-------+-------++-------
Melee: Unarmed           |   135 |   134 |   219 |    51 ||   539
       Punch             |     2 |     4 |     5 |       ||    11
Throw: Throwing net      |     1 |       |     1 |       ||     2
       Boomerang         |       |       |     3 |       ||     3
Invok: Line Pass         |       |       |     1 |       ||     1
       Stomp             |       |       |       |     2 ||     2
  Use: Potion            |     3 |     3 |     4 |       ||    10
       Scroll            |       |       |     9 |       ||     9
 Stab: Paralysed         |       |       |     3 |     4 ||     7
       Sleeping          |       |       |     1 |       ||     1
Armor: Robe              |    48 |    33 |    38 |     9 ||   128
Dodge: Dodged            |    78 |    68 |   107 |    17 ||   270
Block: Kite shield       |       |       |    31 |    18 ||    49

Table legend: (Time is in decaauts)
 A = Elapsed time spent in this place.
 B = Non-inter-level travel time spent in this place.
 C = Inter-level travel time spent in this place.
 D = Time resting spent in this place.
 E = Time spent auto-exploring this place.
 F = Levels seen in this place.
 G = Mean time per level.
                   A        B        C        D        E       F      G
               +--------+--------+--------+--------+--------+-----+--------+
         Total |   7597 |   7418 |    179 |    500 |   5649 |   9 |  844.1 |
       Dungeon |   7489 |   7310 |    179 |    500 |   5581 |   8 |  936.1 |
        Temple |    107 |    107 |      0 |      0 |     68 |   1 |  107.0 |
               +--------+--------+--------+--------+--------+-----+--------+

Top non-repeatable levels by time:
     D:1: 1399 daAuts
     D:7: 1320 daAuts
     D:8: 976 daAuts
     D:6: 898 daAuts
     D:2: 805 daAuts
     D:4: 767 daAuts
     D:3: 757 daAuts
     D:5: 564 daAuts
  Temple: 107 daAuts
